AoeStats
← RedPhosphoru

Arabian Desert

509472231Analyzed
1v1 RM · 6d ago on Sep 26, 2026· 25m 41s· 2 players
Game mode
Random Map
Map size
Tiny (2 player)
Population
200
Speed
Normal
Resources
Standard
Victory
Conquest
Starting age
Dark Age
Ending age
Imperial Age
RankedLock teamsTeams togetherTeam positionsShared explorationLock speedFull tech treeHidden civsTurbo modeCheats
Victory
Defeat
🇦🇷 Mongols · Argentina
2403
+20
🇺🇸 Saxons · United States
2490
-20
DS_Biry
8:19 Feudal Age
7:46 Loom
8:28 Man-at-Arms
19:40 Castle Age
18:03 Gold Mining
18:27 Fletching
20:18 Bodkin Arrow
20:47 Crossbowman
23:39 Gold Shaft Mining
RedPhosphoru
9:16 Feudal Age
8:12 Loom
13:27 Castle Age
Connection lost

Rejoining the realm…

Still unreachable

The connection could not be restored.

Session expired

The server has moved on; the page needs a fresh start.